 Dungeon Crawl Stone Soup version 0.28-a0-1555-g9ae15a6949 (webtiles) character file.

Game seed: 9050200832802794137

3547 hashsling the Thaumaturge (level 9, -2/45 HPs)
             Began as a Deep Elf Hedge Wizard on Jan 18, 2022.
             Was a Follower of Sif Muna.
             Shot with a sling bullet by Joseph (11 damage)
             ... on level 8 of the Dungeon.
             The game lasted 00:48:37 (11072 turns).

hashsling the Thaumaturge (Deep Elf Hedge Wizard)  Turns: 11072, Time: 00:48:37

Health: -2/45      AC:  3    Str:  7    XL:     9   Next: 83%
Magic:  9/26       EV: 14    Int: 30    God:    Sif Muna [*.....]
Gold:   121        SH:  8    Dex: 14    Spells: 1/30 levels left

rFire   . . .      SeeInvis .   t - staff of poison
rCold   . . .      Faith    .   r - +0 buckler
rNeg    . . .      Spirit   .   b - +0 robe
rPois   +          Reflect  +   k - +2 helmet
rElec   .          Harm     .   (no cloak)
rCorr   .          Rampage  .   j - +0 pair of gloves
Will    .....                   x - +0 pair of boots
Stlth   ++........              d - amulet of reflection
HPRegen 0.15/turn               i - ring of poison resistance
MPRegen 0.20/turn               o - +6 ring of intelligence

@: corroded
A: no striking features
a: Renounce Religion, Channel Magic


You were on level 8 of the Dungeon.
You worshipped Sif Muna.
Sif Muna was aware of your devotion.
You visited 2 branches of the dungeon, and saw 9 of its levels.

You collected 521 gold pieces.
You spent 400 gold pieces at shops.

Inventory:

Hand Weapons
 G - a +5 spear
 K - a +2 trident of protection
Missiles
 a - 88 arrows
Armour
 b - a +0 robe (worn)
 c - a +0 hat
 j - a +0 pair of gloves (worn)
 k - a +2 helmet (worn)
 r - a +0 buckler (worn)
 x - a +0 pair of boots (worn)
Magical Staves
 t - a staff of poison (weapon)
Jewellery
 d - an amulet of reflection (around neck)
 h - a ring of protection from fire
 i - a ring of poison resistance (left hand)
 n - a ring of see invisible
 o - a +6 ring of intelligence (right hand)
 H - a ring of ice
Wands
 C - a wand of polymorph (9)
 I - a wand of digging (8)
 L - a wand of flame (26)
Scrolls
 m - 3 scrolls of vulnerability
 p - a scroll of immolation {unknown}
 q - a scroll of amnesia {unknown}
 u - a scroll of enchant armour {unknown}
 v - 3 scrolls of fear
 y - a scroll of acquirement {unknown}
 A - a scroll of fog
 D - 4 scrolls of enchant weapon
 E - a scroll of magic mapping
 J - a scroll of teleportation {unknown}
Potions
 e - a potion of ambrosia {unknown}
 f - a potion of might {unknown}
 g - a potion of flight {unknown}
 l - 2 potions of heal wounds {unknown}
 s - 2 potions of attraction
 w - a potion of lignification {unknown}
 z - 2 potions of magic
 B - 2 potions of curing {unknown}
 F - a potion of invisibility {unknown}
 M - a potion of mutation {unknown}


   Skills:
 - Level 5.0 Staves
 + Level 6.2 Dodging
 - Level 2.4 Stealth
 + Level 11.4 Spellcasting
 - Level 7.0 Conjurations
 + Level 1.1 Hexes
 - Level 4.0 Summonings
 - Level 5.0 Translocations
 - Level 2.0 Air Magic
 + Level 0.9 Invocations


You had one spell level left.
You knew the following spells:

 Your Spells              Type           Power      Damage    Failure   Level
a - Magic Dart            Conj           100%       1d8       1%          1
b - Blink                 Tloc           94%        N/A       1%          2
c - Shock                 Conj/Air       100%       1d9       1%          1
d - Mephitic Cloud        Conj/Pois/Air  52%        N/A       3%          3
e - Conjure Flame         Conj/Fire      38%        6-21      3%          3
f - Gell's Gravitas       Tloc           47%        N/A       1%          3
g - Teleport Other        Tloc           47%        N/A       1%          3
h - Swiftness             Air            29%        N/A       5%          3
i - Slow                  Hex            96%        N/A       2%          1
j - Summon Small Mammal   Summ           100%       N/A       1%          1
k - Call Imp              Summ           41%        N/A       1%          2
l - Call Canine Familiar  Summ           41%        N/A       2%          3
m - Summon Guardian Gole  Hex/Summ       32%        N/A       4%          3

Your spell library contained the following spells:

 Spells                   Type           Power      Damage    Failure   Level
 Lesser Beckoning         Tloc           47%        N/A       1%          3
 Airstrike                Air            14%        N/A       17%         4
 Lehudib's Crystal Spear  Conj/Erth      19%        10d6      100%        8
 Shatter                  Erth           8%         3d10*     100%        9


Dungeon Overview and Level Annotations

Branches:
Dungeon (8/15)             Temple (1/1) D:5
   Lair: D:8-11

Altars:
Ashenzari
Cheibriados
Dithmenos
Elyvilon
Fedhas
Gozag
Hepliaklqana
Kikubaaqudgha
Makhleb
Nemelex Xobeh
Okawaru
Qazlal
Ru
Sif Muna
Trog
Uskayaw
Vehumet
Wu Jian
Xom
Yredelemnul
The Shining One
Beogh

Shops:
D:1 ?   D:4 :   D:7 ?

Annotations:
D:8 Joseph


Message History

Joseph hits your wolf with a +0 quarterstaff.
Your wolf bites Joseph.
Joseph closely misses your wolf.
Your wolf bites Joseph but does no damage.
Your wolf bites Joseph!
Your wolf bites Joseph!
Your wolf bites Joseph but does no damage.
Joseph hits your wolf with a +0 quarterstaff!
Joseph seems less confused.
Your wolf bites Joseph.
Joseph unwields a +0 quarterstaff.
Joseph wields a +0 hunting sling.
Joseph shoots a sling bullet.
The sling bullet barely misses your wolf.
The sling bullet hits your guardian golem!!
Your wolf completely misses Joseph.
Your guardian golem overheats!
Joseph zaps a wand.
The bolt of acid hits your guardian golem!!
The acid corrodes your guardian golem!
Your guardian golem disappears in a puff of smoke!
The bolt of acid hits you!!!
Ouch! That really hurt!
* * * LOW HITPOINT WARNING * * *
The acid corrodes you!
Your guardian golem explodes!
Your wolf closely misses Joseph.
Your wolf bites Joseph but does no damage.
Joseph shoots a sling bullet.
You reflect the sling bullet off an invisible shield around you!
The sling bullet closely misses Joseph.
Something barely misses your wolf. Something hits your wolf!
Your wolf dies!
Your wolf's corpse disappears in a puff of smoke!
Casting: Magic Dart (safe; 1% risk of failure)
Confirm with . or Enter, or press ? or * to list all spells.
Casting: Call Canine Familiar (dangerous; 2% risk of failure)
Confirm with . or Enter, or press ? or * to list all spells.
A guardian golem appears, shielding your allies.
Joseph unwields a +0 quarterstaff.
Joseph wields a +0 hunting sling.
Joseph shoots a sling bullet.
The sling bullet hits you!
You die...

>....##.......##.# #.#
####.##.#####.##.### ##.##
####.##.......##...# #...#
.....###########...### #...###
####### #.......# #...... .## ...
#.......######...### #.#
#..###.......##.......... .##
#@§.§.............)..... .#
#..#####@h............... .# ...
#..≈≈....#.#...#.# .# #
#.9.≈≈..##.#...... .#
#....≈≈.##.#...#.# .#
#...≈≈..##.#...#.# .# ##########
#....≈≈.##.......# .# #...>....#
#.......#####.....
.####.######.###.###########.####
......# #.....# #......#


You could see Joseph (ally target), a friendly guardian golem (summoned) and a
friendly hound (summoned, sheltered).

Vanquished Creatures
  Grinder (D:6)
  A wyvern (D:8)
  4 yaks (D:8)
  2 water moccasins
  2 ice beasts
  2 black bears
  2 necrophages (D:5)
  3 ogres (D:5)
  A phantom (D:7)
  2 bullfrogs
  A gnoll sergeant (D:8)
  3 scorpions
  3 water moccasin zombies
  5 wights (D:7)
  2 electric eels (D:6)
  A bullfrog zombie (D:5)
  5 hounds
  2 jellies
  A centaur skeleton (D:7)
  3 orc priests
  A bullfrog skeleton (D:7)
  An iguana (D:6)
  3 orc wizards
  A killer bee zombie (D:7)
  5 gnolls
  9 adders
  A howler monkey skeleton (D:6)
  2 ufetubi (D:5)
  2 worms
  2 dart slugs
  8 orcs
  10 ball pythons
  5 bats
  8 endoplasms
  4 giant cockroaches
  4 goblins
  6 hobgoblins
  7 jackals
  2 quokkas
  4 frilled lizards
  4 kobolds
  A quokka skeleton (D:4)
  2 rats (D:3)
138 creatures vanquished.

Vanquished Creatures (others)
  8 plants
8 creatures vanquished.

Grand Total: 146 creatures vanquished

Notes
Turn   | Place    | Note
-------+----------+-------------------------------------------
     0 | D:1      | hashsling the Deep Elf Hedge Wizard began the quest for the
                  | Orb.
     0 | D:1      | Reached XP level 1. HP: 10/10 MP: 7/7
   325 | D:1      | Reached XP level 2. HP: 15/15 MP: 7/9
   615 | D:1      | Reached skill level 5 in Spellcasting
   702 | D:1      | Got the Incunabulum of Cloudy Stones
   713 | D:1      | Learned a level 2 spell: Blink
   715 | D:1      | Learned a level 1 spell: Shock
   964 | D:1      | Found a faded altar of an unknown god.
  1029 | D:1      | Found Ydoiso's Magic Scroll Emporium.
  1800 | D:2      | Reached XP level 3. HP: 19/19 MP: 9/11
  2551 | D:3      | Reached skill level 6 in Spellcasting
  2551 | D:3      | Reached XP level 4. HP: 24/24 MP: 2/14
  3088 | D:3      | Learned a level 3 spell: Mephitic Cloud
  3340 | D:3      | Found a white marble altar of Elyvilon.
  3656 | D:4      | Found Itzep's Book Shoppe.
  4007 | D:4      | Reached XP level 5. HP: 6/28 MP: 6/16
  4213 | D:4      | Noticed a black bear
  4224 | D:4      | Killed a black bear
  4225 | D:4      | Reached skill level 7 in Spellcasting
  4264 | D:4      | Reached XP level 6. HP: 23/32 MP: 0/18
  4536 | D:4      | Learned a level 3 spell: Conjure Flame
  4790 | D:5      | Entered Level 5 of the Dungeon
  5020 | D:5      | Noticed an ice beast
  5023 | D:5      | Reached skill level 1 in Staves
  5023 | D:5      | Reached skill level 5 in Conjurations
  5023 | D:5      | Reached skill level 1 in Air Magic
  5031 | D:5      | Reached skill level 8 in Spellcasting
  5031 | D:5      | Reached XP level 7. HP: 27/36 MP: 3/20
  5362 | D:5      | Reached skill level 9 in Spellcasting
  5573 | D:5      | Found a staircase to the Ecumenical Temple.
  5598 | Temple   | Entered the Ecumenical Temple
  5720 | Temple   | Became a worshipper of Sif Muna the Loreminder
  5848 | D:5      | Reached XP level 8. HP: 41/41 MP: 10/23
  5860 | D:5      | Learned a level 3 spell: Gell's Gravitas
  5864 | D:5      | Learned a level 3 spell: Teleport Other
  7805 | D:6      | Reached * piety under Sif Muna
  7806 | D:6      | Reached skill level 10 in Spellcasting
  7984 | D:6      | Noticed Grinder
  8001 | D:6      | Killed Grinder
  8153 | D:6      | Reached skill level 5 in Staves
  8157 | D:6      | Learned a level 3 spell: Swiftness
  8610 | D:7      | Reached XP level 9. HP: 45/45 MP: 22/25
  8664 | D:7      | Found a stormy altar of Qazlal.
  8990 | D:7      | Found a snail-covered altar of Cheibriados.
  9051 | D:7      | Found Deulofop's Magic Scroll Shoppe.
  9058 | D:7      | Bought 3 scrolls of identify for 96 gold pieces
  9058 | D:7      | Bought a scroll of identify for 32 gold pieces
  9058 | D:7      | Bought a scroll of identify for 32 gold pieces
  9160 | D:7      | Reached skill level 5 in Translocations
  9271 | D:7      | Found a shadowy altar of Dithmenos.
  9432 | D:7      | Found a sacrificial altar of Ru.
  9463 | D:7      | Reached skill level 5 in Dodging
  9826 | D:7      | Learned a level 1 spell: Slow
  9958 | D:4      | Bought a book of Callings for 240 gold pieces
  9960 | D:4      | Learned a level 1 spell: Summon Small Mammal
  9963 | D:4      | Learned a level 2 spell: Call Imp
  9967 | D:4      | Learned a level 3 spell: Call Canine Familiar
 10274 | D:8      | Learned a level 3 spell: Summon Guardian Golem
 10827 | D:8      | Reached skill level 11 in Spellcasting
 11048 | D:8      | Noticed Joseph
 11057 | D:8      | Reached skill level 1 in Hexes
 11072 | D:8      | Shot with a sling bullet by Joseph

Illustrated notes

Levels and vault maps discovered:
D:1:      amcnicky_arrival_double_pillar, layout_loops_cross, serial_shops,
          nicolae_shop_hallway_stairs, shapermc_ecumenical_altar_mp_ritualfount,
          serial_co_window_serial, co_window_paths_a, co_window_corner_a,
          co_window_paths_a, co_window_corner_a, co_window_paths_a,
          co_window_corner_a, co_window_paths_b, co_window_corner_b,
          co_window_corner_ca, co_window_unsneaky_path_e, co_window_4corner_a,
          glass_columns_a, glass_columns_a, kennysheep_small_spiral,
          st_stairs_12, chequers_serial_rivers_marsh
D:2:      layout_rooms
D:3:      layout_loops_corners, mainiacjoe_overflow_alcove_2,
          kennysheep_cross_bottleneck
D:4:      layout_loops_ring, serial_shops, nicolae_shop_hallway_plus,
          serial_park_tiny_2, kennysheep_orc_chapel
D:5:      minmay_razor_zed, layout_loops_cross, minmay_temple_entry_junction
D:6:      layout_basic, serial_bayou, serial_bayou_ford_a, serial_bayou_shore_b,
          serial_bayou_shore_b, serial_bayou_crossing, minivault_22,
          uniq_grinder
D:7:      layout_gridville, mainiacjoe_overflow_paths,
          mainiacjoe_overflow_catwalk_spiral, nicolae_ru_sacrificial_ziggurat,
          serial_shops, shop
D:8:      layout_loops_cross, dk_vineyard_3, uniq_joseph
Temple:   compressed_dpeg_circular_temple

Skill      XL: |  1  2  3  4  5  6  7  8  9 |
---------------+----------------------------+-----
Conjurations   | 2 3 4 5 6 7 |  7.0
Spellcasting   | 5 6 7 8 9 10 11 | 11.4
Staves         | 2 3 5 |  5.0
Air Magic      | 1 2 |  2.0
Dodging        | 3 4 6 |  6.2
Translocations | 2 4 5 |  5.0
Summonings     | 4 |  4.0
Hexes          | 1 |  1.1
Stealth        | |  2.4
Invocations    | |  0.9

Action                   |  1- 3 |  4- 6 |  7- 9 || total
-------------------------+-------+-------+-------++-------
Melee: Dagger            |     7 |       |       ||     7
       Staff             |       |    11 |    48 ||    59
 Cast: Magic Dart        |    91 |   104 |   225 ||   420
       Blink             |     2 |     8 |    28 ||    38
       Shock             |       |     6 |   119 ||   125
       Mephitic Cloud    |       |       |     7 ||     7
       Conjure Flame     |       |       |     2 ||     2
       Gell's Gravitas   |       |       |     1 ||     1
       Call Canine Famil |       |       |     2 ||     2
       Summon Guardian G |       |       |     2 ||     2
  Use: Scroll            |       |       |     8 ||     8
Armor: Robe              |     7 |     9 |    34 ||    50
Dodge: Dodged            |    19 |    14 |    84 ||   117
Block: Buckler           |       |     6 |    37 ||    43
       Reflection        |       |       |     1 ||     1

Table legend: (Time is in decaauts)
 A = Elapsed time spent in this place.
 B = Non-inter-level travel time spent in this place.
 C = Inter-level travel time spent in this place.
 D = Time resting spent in this place.
 E = Time spent auto-exploring this place.
 F = Levels seen in this place.
 G = Mean time per level.
                   A        B        C        D        E       F      G
               +--------+--------+--------+--------+--------+-----+--------+
         Total |  11104 |  10762 |    342 |    948 |   8282 |   9 | 1233.8 |
       Dungeon |  10977 |  10635 |    342 |    948 |   8219 |   8 | 1372.1 |
        Temple |    126 |    126 |      0 |      0 |     63 |   1 |  126.0 |
               +--------+--------+--------+--------+--------+-----+--------+

Top non-repeatable levels by time:
     D:5: 1977 daAuts
     D:6: 1852 daAuts
     D:1: 1493 daAuts
     D:7: 1355 daAuts
     D:4: 1284 daAuts
     D:3: 1276 daAuts
     D:2: 891 daAuts
     D:8: 846 daAuts
  Temple: 126 daAuts
